 Dungeon Crawl Stone Soup version 0.25-a0-843-g6944ee31a2 (webtiles) character file.

Game seed: 3286091641009434096, levelgen mode: deterministic

2059 Error4North the Cleaver (level 9, 0/80 HPs)
             Began as a Hill Orc Fighter on Apr 25, 2020.
             Succumbed to an orc wizard's poison
             ... on level 7 of the Dungeon.
             The game lasted 00:17:40 (4689 turns).

Error4North the Cleaver (Hill Orc Fighter)          Turns: 4689, Time: 00:17:41

Health: 0/80       AC: 13    Str: 22    XL:     9   Next: 25%
Magic:  3/3        EV:  5    Int:  8    God:
Gold:   165        SH: 10    Dex: 10    Spells: 8/8 levels left

rFire    . . .     SeeInvis .   o - +1 war axe (antimagic)
rCold    . . .     Gourm    .   c - +0 kite shield
rNeg     . . .     Faith    .   r - +0 plate armour
rPois    .         Spirit   .   (no helmet)
rElec    .         Reflect  .   u - +0 cloak
rCorr    .         Harm     .   (no gloves)
MR       .....                  (no boots)
Stlth    ..........             (no amulet)
HPRegen  0.23/turn              (no ring)
MPRegen  0.08/turn              (no ring)

@: lethally poisoned (0 -> -30), lightly drained
A: no striking features
a: no special abilities


You were on level 7 of the Dungeon.
You were not hungry.

You visited 1 branch of the dungeon, and saw 7 of its levels.

You collected 165 gold pieces.

Inventory:

Hand Weapons
 o - a +1 antimagic war axe (weapon)
Missiles
 E - 2 boomerangs (quivered)
Armour
 c - a +0 kite shield (worn)
 r - a +0 plate armour (worn)
 u - a +0 cloak (worn)
Jewellery
 b - an uncursed ring of protection from magic {unknown}
Wands
 w - a wand of random effects (20)
 y - a wand of enslavement (13)
 A - a wand of digging (4)
 C - a wand of paralysis (9)
 H - a wand of flame (19)
Scrolls
 e - a scroll of immolation {unknown}
 g - 3 scrolls of remove curse
 i - 4 scrolls of teleportation {unknown}
 j - a scroll of identify
 k - a scroll of magic mapping {unknown}
 s - a scroll of blinking {unknown}
 t - 3 scrolls of amnesia
 G - 2 scrolls of enchant armour {unknown}
 I - a scroll of fog {unknown}
Potions
 d - a potion of might
 m - a potion of mutation {unknown}
 n - a potion of degeneration {unknown}
 p - 2 potions of invisibility {unknown}
 q - 3 potions of lignification {unknown}
 v - 6 potions of curing {unknown}
 x - a potion of flight {unknown}
Miscellaneous
 F - a box of beasts
Comestibles
 f - 15 rations


   Skills:
 * Level 7.7(7.3) Fighting
 + Level 9.4(9.0) Axes
 * Level 6.3(5.9) Armour
 + Level 0.5(0.2) Dodging
 + Level 0.1(0.0) Stealth
 * Level 7.0(6.6) Shields
 * Level 1.4(1.0) Evocations


You had 8 spell levels left.
You didn't know any spells.
Your spell library contained the following spells:

 Spells                   Type           Power        Failure   Level  Hunger
 Corona                   Hex            #......      100%        1    ##.....
 Ensorcelled Hibernation  Hex/Ice        #.....       100%        2    ###....
 Confusing Touch          Hex            #.......     100%        3    ####...
 Dazzling Flash           Conj/Hex       #.....       100%        3    ####...
 Gell's Gravitas          Tloc           #.........   100%        3    ####...
 Tukima's Dance           Hex            #.......     100%        3    ####...
 Petrify                  Tmut/Erth      #.......     100%        4    #####..
 Metabolic Englaciation   Hex/Ice        #.........   100%        5    ######.
 Yara's Violent Unravell  Hex/Tmut       #.........   100%        5    ######.


Dungeon Overview and Level Annotations

Branches:
Dungeon (7/15)             Temple (0/1) D:5

Altars:
Trog


Message History

Reactivating autopickup.
You feel a bit more experienced.
* * * LOW HITPOINT WARNING * * *
You feel very sick.
* * * LOW HITPOINT WARNING * * *
You feel very sick.
Items here: ( ) [ † a +3 dagger of venom; a +0 robe; a stone; an orc corpse It was a potion of brilliance.
You feel clever all of a sudden.
* * * LOW HITPOINT WARNING * * *
You feel very sick.
It was a potion of haste.
You feel yourself speed up.
* * * LOW HITPOINT WARNING * * *
You feel very sick.
It was a potion of cancellation.
Your magical effects are unravelling.
You feel magically purged.
You feel yourself slow down.
You feel a little less clever now.
You die...

....##........##.#.........#..#..
..........................##.....
#).####......##...........# .....
##)# ##.##..#............ .###.
.).# #..#............... . ...##
#....#.............
##..###.<##.#........?...
.#...##..##.##...........
.....##..#......@).......
##...#..........†$.......
........###...#.))...#...
...#.#...#...##........#
###.....##...#.........#
###..##.........##...#
.............# #.##
.............. .# z#.............
.


There were no monsters in sight!

Vanquished Creatures
  The ghost of pickledwalnut the Insei, an amateur OpTm (D:4)
  An ice beast (D:5)
  An orc warrior (D:7)
  2 ogres
  A phantom (D:6)
  2 eyes of draining (D:3)
  3 centaurs
  A water moccasin zombie (D:5)
  A scorpion (D:5)
  4 wights (D:7)
  3 crimson imps (D:5)
  A centaur zombie (D:5)
  A hound (D:4)
  2 orc priests
  4 orc wizards
  An iguana (D:5)
  Ijyb (D:4)
  5 worker ants
  A gnoll (D:3)
  12 adders
  2 shadow imps (D:5)
  An ooze (D:2)
  An adder skeleton (D:4)
  An adder zombie (D:5)
  2 worms
  2 dart slugs
  3 leopard geckos
  17 orcs
  10 giant cockroaches
  6 goblins
  5 hobgoblins
  4 quokkas
  2 ball pythons
  6 bats
  5 frilled lizards
  6 kobolds
  A leopard gecko zombie (D:5)
  6 rats
128 creatures vanquished.

Notes
Turn   | Place    | Note
-------+----------+-------------------------------------------
     0 | D:1      | Error4North the Hill Orc Fighter began the quest for the
                  | Orb.
     0 | D:1      | Reached XP level 1. HP: 19/19 MP: 1/1
     6 | D:1      | Noticed a hound
     6 | D:1      | Noticed a polar bear
     7 | D:1      | Noticed a worker ant
     7 | D:1      | Noticed a water moccasin
   158 | D:1      | Reached XP level 2. HP: 24/27 MP: 2/2
   629 | D:2      | Reached skill level 3 in Axes
   630 | D:2      | Reached XP level 3. HP: 32/33 MP: 3/3
  1151 | D:2      | Reached XP level 4. HP: 40/40 MP: 4/4
  1337 | D:3      | Reached skill level 4 in Axes
  1693 | D:3      | Reached XP level 5. HP: 11/47 MP: 5/5
  2012 | D:3      | Found a bloodstained altar of Trog.
  2013 | D:3      | Noticed an eye of draining
  2013 | D:3      | Noticed an eye of draining
  2028 | D:3      | Killed an eye of draining
  2028 | D:3      | Reached skill level 5 in Axes
  2028 | D:3      | Reached XP level 6. HP: 47/53 MP: 0/6
  2035 | D:3      | Killed an eye of draining
  2296 | D:4      | Found a runed translucent door.
  2297 | D:4      | Noticed pickledwalnut's ghost (amateur OpTm)
  2306 | D:4      | Reached skill level 5 in Fighting
  2320 | D:4      | Killed pickledwalnut's ghost
  2320 | D:4      | Reached skill level 6 in Axes
  2320 | D:4      | Reached skill level 5 in Shields
  2320 | D:4      | Reached XP level 7. HP: 60/61 MP: 2/7
  2482 | D:4      | Reached skill level 7 in Axes
  3025 | D:4      | Noticed Ijyb
  3040 | D:4      | Killed Ijyb
  3111 | D:5      | Entered Level 5 of the Dungeon
  3141 | D:5      | Reached skill level 5 in Armour
  3222 | D:5      | Reached XP level 8. HP: 47/70 MP: 2/8
  3510 | D:5      | Got a steaming amethyst amulet
  3654 | D:5      | Identified the amulet "Yfattac" {Inacc rF++ MR- Dex+3} (You
                  | found it on level 5 of the Dungeon)
  3662 | D:5      | Found a staircase to the Ecumenical Temple.
  3790 | D:5      | Reached skill level 8 in Axes
  3951 | D:5      | Paralysed by an orc for 3 turns
  4212 | D:6      | Reached skill level 9 in Axes
  4212 | D:6      | Reached XP level 9. HP: 71/79 MP: 3/9
  4668 | D:7      | Reached skill level 1 in Evocations
  4687 | D:7      | HP: 4/80 [poisoned by an orc wizard]
  4689 | D:7      | Succumbed to an orc wizard's poison

Levels and vault maps discovered:
D:1:      onia_arrival_zoo_common, layout_loops_cross,
          kennysheep_decorative_pillar
D:2:      layout_rooms, first_ration
D:3:      layout_loops_ring, trog_eyes_of_draining
D:4:      layout_basic, ebering_ghost_sewer_d, uniq_ijyb
D:5:      kennysheep_windowed_halls, layout_cave_pools,
          minmay_temple_entry_ruins
D:6:      layout_rooms
D:7:      layout_cave_pools

Skill      XL: |  1  2  3  4  5  6  7  8  9 |
---------------+----------------------------+-----
Axes           | 3 4 5 6 7 9 |  9.4
Fighting       | 4 5 6 7 |  7.7
Shields        | 4 5 6 7 |  7.0
Armour         | 4 5 6 |  6.3
Evocations     | 1 |  1.4
Dodging        | |  0.5
Stealth        | |  0.1

Action                   |  1- 3 |  4- 6 |  7- 9 || total
-------------------------+-------+-------+-------++-------
Melee: War axe           |   114 |   114 |   265 ||   493
  Use: Potion            |       |     1 |     7 ||     8
       Scroll            |       |     1 |     4 ||     5
  Eat: Chunk             |     1 |     4 |     8 ||    13
Armor: Scale mail        |    47 |    32 |       ||    79
       Plate armour      |       |    26 |   150 ||   176
Dodge: Dodged            |    39 |    34 |    48 ||   121
Block: Kite shield       |    53 |    70 |   148 ||   271

Table legend:
 A = Non-vault XP
 B = Vault XP
 C = Vault XP percentage of total XP
 D = Non-vault monster count
 E = Vault monster count
 F = Vault count percentage of total count
                 A         B        C        D         E       F
            +---------+---------+-------+---------+---------+-------
      Total |    1689 |    1253 |  42.6 |     102 |      26 |  20.3
            +---------+---------+-------+---------+---------+-------
        D:1 |      25 |       0 |   0.0 |      14 |       0 |   0.0
        D:2 |      71 |       0 |   0.0 |      24 |       0 |   0.0
        D:3 |     102 |     267 |  72.4 |      18 |       4 |  18.2
        D:4 |     293 |     317 |  52.0 |      15 |       4 |  21.1
        D:5 |     508 |     669 |  56.8 |      16 |      18 |  52.9
        D:6 |     241 |       0 |   0.0 |       4 |       0 |   0.0
        D:7 |     449 |       0 |   0.0 |      11 |       0 |   0.0
            +---------+---------+-------+---------+---------+-------
